 Dungeon Crawl Stone Soup version 0.31-a0-234-gad7ace16ef (webtiles) character file.

Game seed: 1733811028968214337

19 qw the Shooter (level 2, 0/24 HPs)
             Began as a Minotaur Hexslinger on July 9, 2023.
             Succumbed to a goblin's poison
             ... on level 1 of the Dungeon.
             The game lasted 00:00:10 (361 turns).

qw the Shooter (Minotaur Hexslinger)                 Turns: 361, Time: 00:00:11

Health: 0/24       AC:  2    Str: 12    XL:     2   Next: 55%
Magic:  2/2        EV: 12    Int: 10    God:
Gold:   37         SH:  0    Dex: 12    Spells: 2/3 levels left

rFire   . . .        a - +1 sling
rCold   . . .        (no shield)
rNeg    . . .        c - +0 robe
rPois   .            (helmet restricted)
rElec   .            (no cloak)
rCorr   .            (no gloves)
SInv    .            (no boots)
Will    .....        (no amulet)
Stlth   +            (no ring)
HPRegen 0.24/turn    (no ring)
MPRegen 0.08/turn

%: no passive effects
@: lethally poisoned (0 -> -18)
A: horns 2, retaliatory headbutt
a: no special abilities


You were on level 1 of the Dungeon.
You visited 1 branch of the dungeon, and saw 1 of its levels.

You collected 37 gold pieces.


Innate Abilities, Weirdness & Mutations

You have a pair of horns on your head.
You reflexively headbutt those who attack you in melee.


   Skills:
 - Level 2.0 Fighting
 + Level 3.2 Ranged Weapons
 - Level 2.1 Dodging
 - Level 1.0 Spellcasting
 - Level 2.0 Hexes


You had 2 spell levels left.
You knew the following spells:

 Your Spells              Type           Power      Damage    Failure   Level
a - Slow                  Hex            16%        N/A       16%         1

Your spell library contained the following spells:

 Spells                   Type           Power      Damage    Failure   Level
 Inner Flame              Hex/Fire       2%         N/A       56%         3
 Portal Projectile        Hex/Tloc       4%         N/A       56%         3
 Cause Fear               Hex            2%         N/A       83%         4

Inventory:

Hand Weapons
 a - a +1 sling (weapon)
Armour
 c - a +0 robe (worn)
 f - a +0 leather armour
Scrolls
 b - a scroll of poison
 d - 2 scrolls of enchant weapon {unknown}
 e - a scroll of immolation {unknown}

Dungeon Overview and Level Annotations

Branches:
Dungeon (1/15)

Altars:

Shops:
D:1 (


Message History

You shoot a sling bullet. The sling bullet hits the dart slug!
You kill the dart slug!
You start resting.
HP restored.
Found a scroll of poison.
Enter note:
Enter note: You see here a scroll of poison.
Found 6 stones.
Enter note:
Enter note: A goblin comes into view. It is wielding a +1 dagger of venom.
The goblin shouts!
Enter note:
Enter note: You shoot a sling bullet.
The sling bullet barely misses the goblin.
You shoot a sling bullet. The sling bullet hits the goblin.
The goblin is heavily wounded.
You shoot a sling bullet.
The sling bullet barely misses the goblin.
The goblin hits you with a +1 dagger of venom.
You are poisoned.
You shoot a sling bullet.
The sling bullet closely misses the goblin.
You feel very sick.
The goblin hits you with a +1 dagger of venom.
You are lethally poisoned!
You shoot a sling bullet.
The sling bullet barely misses the goblin.
You feel very sick.
The goblin hits you with a +1 dagger of venom.
You are more poisoned.
You shoot a sling bullet.
The sling bullet barely misses the goblin.
You feel extremely sick. The goblin closely misses you.
You shoot a sling bullet.
The sling bullet closely misses the goblin.
You die...

#.# ##.#
..############
#.##.........#
#.##.#######.#
#....# #.#
#.#### #?#
#.## #.# #g@#
#.# #....#
#####.#
......#.#
#.....#
####....##
#.##### #.#.##
#.# #(#.# #.#
#.#.# #.#
#.#.# #.#
#.#####


You could see a goblin.

Vanquished Creatures
  A dart slug (D:1)
  A ball python (D:1)
  3 endoplasms (D:1)
  A giant cockroach (D:1)
  2 hobgoblins (D:1)
  2 bats (D:1)
  A frilled lizard (D:1)
  3 goblins (D:1)
  2 rats (D:1)
16 creatures vanquished.

Notes
Turn   | Place    | Note
-------+----------+-------------------------------------------
     0 | D:1      | qw the Minotaur Hexslinger began the quest for the Orb.
     0 | D:1      | Reached XP level 1. HP: 16/16 MP: 1/1
     0 | D:1      | 0 ||| qw: Version: 0.3-a-51-g015441d
     0 | D:1      | 0 ||| qw: Game counter: 4093
     0 | D:1      | 0 ||| qw: Melee chars always use a shield: true
     0 | D:1      | 0 ||| qw: God list: Okawaru
     0 | D:1      | 0 ||| qw: Allow faded altars: false
     0 | D:1      | 0 ||| qw: Do Orc after clearing Dungeon:15 true
     0 | D:1      | 0 ||| qw: Do second Lair branch before Depths: true
     0 | D:1      | 0 ||| qw: Lair rune preference: random
     0 | D:1      | 0 ||| qw: Goals: Normal
     0 | D:1      | 0 ||| PLANNING D:1-11
   118 | D:1      | Reached skill level 3 in Ranged Weapons
   118 | D:1      | Reached XP level 2. HP: 23/23 MP: 2/2
   146 | D:1      | Found Baotz's Antique Weapon Boutique.
   149 | D:1      | 149 ||| SHOPLISTING glowing sling (94 gold, have 37).
   360 | D:1      | HP: 4/24 [poisoned by a goblin]
   361 | D:1      | Succumbed to a goblin's poison

Levels and vault maps discovered:
D:1:      nicolae_arrival_memento_mori, layout_loops_ring, serial_shops, shop

Skill      XL: |  1  2 |
---------------+-------+-----
Ranged Weapons | 3 |  3.2
Fighting       | 2 |  2.0
Dodging        | |  2.1
Spellcasting   | |  1.0
Hexes          | |  2.0

Action                     || total
---------------------------++-------
   Fire: Sling             ||    50
  Dodge: Dodged            ||     8

Table legend:
 A = Non-vault XP
 B = Vault XP
 C = Vault XP percentage of total XP
 D = Non-vault monster count
 E = Vault monster count
 F = Vault count percentage of total count
                 A         B        C        D         E       F
            +---------+---------+-------+---------+---------+-------
      Total |      28 |       0 |   0.0 |      16 |       0 |   0.0
            +---------+---------+-------+---------+---------+-------
        D:1 |      28 |       0 |   0.0 |      16 |       0 |   0.0
            +---------+---------+-------+---------+---------+-------
